 Dungeon Crawl Stone Soup version 0.19.0-11-g3fc08b3 (webtiles) character file.

208622 Inkary the Warrior (level 19, -6/181 HPs)
             Began as a Formicid Fighter on Nov 9, 2016.
             Was a High Priest of Okawaru.
             Mangled by Polyphemus (12 damage)
             ... on level 2 of the Shoals.
             The game lasted 02:23:34 (36383 turns).

Inkary the Warrior (Formicid Fighter)              Turns: 36383, Time: 02:23:35

Health: -6/181     AC: 18    Str: 32      XL:     19   Next: 51%
Magic:  43/43      EV: 12    Int: 10 (12) God:    Okawaru [*****.]
Gold:   1330       SH: 22    Dex: 11 (12) Spells: 8 memorised, 13 levels left

rFire  . . .     SeeInvis +     O - +12 triple sword of Lenuc {drain, MP+9}
rCold  + . .     Gourm    .     V - +3 scale mail of Dajigi {rC+ Dex+2}
rNeg   + . .     Faith    .     Z - +0 large shield
rPois  +         Spirit   .     (helmet unavailable)
rElec  .         Reflect  .     q - +0 cloak
rCorr  .         Harm     .     h - +0 pair of gloves
MR     ++++.     Clarity  +     (no boots)
Stlth  ..........               t - amulet of the Four Winds {rN+ MR+++ Clar}
                                w - ring of poison resistance
                                e - ring "Vez Jone" {*Drain Str+4 Int+3 Slay+2 SInv}

@: regenerating (expiring), repel missiles
A: permanent stasis, dig shafts and tunnels, four strong arms, antennae 3,
hooves 1, repulsion field 1, iridescent scales 1, rugged brown scales 1,
deterioration 2, sense surroundings 1, robust 1
a: Dig, Shaft Self, Heroism, Finesse, Renounce Religion
}: 1/15 runes: serpentine


You were on level 2 of the Shoals.
You worshipped Okawaru.
Okawaru was extremely pleased with you.
You were not hungry.

You visited 6 branches of the dungeon, and saw 30 of its levels.
You visited 1 bazaar.
You also visited: Labyrinth and Ice Cave.

You collected 3568 gold pieces.
You spent 2238 gold pieces at shops.

Inventory:

Hand Weapons
 O - the +12 triple sword of Lenuc (weapon) {drain, MP+9}
   (Okawaru gifted it to you on level 15 of the Dungeon)

   A truly terrible weapon, it drains the life of those it strikes.
   It affects your magic capacity (+9).
Missiles
 j - 3 throwing nets (quivered)
Armour
 h - a +0 pair of gloves (worn)
 q - a +0 cloak (worn)
 V - the +3 scale mail of Dajigi (worn) {rC+ Dex+2}
   (Okawaru gifted it to you on level 11 of the Dungeon)

   It affects your dexterity (+2).
   It protects you from cold.
 Y - the +0 cloak of Qupiyr {rN+ Int-3 SInv}
   (You found it in an ice cave)

   It affects your intelligence (-3).
   It protects you from negative energy.
   It lets you see invisible.
 Z - a +0 large shield (worn)
Rods
 T - a +6 rod of inaccuracy (9/9)
   (You found it in a labyrinth)
Jewellery
 c - the ring "Babb" {*Corrode rF+ rN+ Str+7}
   (You took it off a naga on level 15 of the Dungeon)

   [ring of protection from fire]

   It affects your strength (+7).
   It protects you from fire.
   It protects you from negative energy.
   It may corrode you when you take damage.
 e - the ring "Vez Jone" (left hand) {*Drain Str+4 Int+3 Slay+2 SInv}
   (You bought it in a shop on level 13 of the Dungeon)

   [ring of see invisible]

   It affects your strength (+4).
   It affects your intelligence (+3).
   It affects your accuracy and damage with ranged weapons and melee attacks
   (+2).
   It lets you see invisible.
   It causes draining when unequipped.
 l - the ring of Freedom {rCorr Int+2 Stlth+}
   (You found it on level 15 of the Dungeon)

   [ring of resist corrosion]

   It affects your intelligence (+2).
   It makes you more stealthy.
 t - the amulet of the Four Winds (around neck) {rN+ MR+++ Clar}
   (You bought it in a shop in a bazaar)

   [amulet of nothing]

   It protects you from negative energy.
   It affects your resistance to hostile enchantments.
   It protects you against confusion.
 w - a ring of poison resistance (right hand)
 M - the ring of Autumn {+Inv rF+ rN+ Int+3 SInv Stlth+}
   (You found it on level 15 of the Dungeon)

   [ring of protection from fire]

   It affects your intelligence (+3).
   It protects you from fire.
   It protects you from negative energy.
   It lets you see invisible.
   It lets you turn invisible.
   It makes you more stealthy.
 R - an uncursed amulet of harm
 S - an uncursed ring of protection from cold
 W - an uncursed ring of protection from magic
Wands
 n - a wand of digging (10/24)
 u - a wand of confusion (6/48)
 D - a wand of disintegration (6/24)
 F - a wand of heal wounds (2/9)
 I - a wand of slowing (20/48)
Scrolls
 b - a scroll of holy word
 d - 2 scrolls of fog
 g - 2 scrolls of torment
 k - 16 scrolls of remove curse
 m - 2 scrolls of recharging
 v - 2 scrolls of enchant armour
 x - 4 scrolls of magic mapping
 y - 7 scrolls of fear
 A - 3 scrolls of enchant weapon
 C - a scroll of silence
 J - 5 scrolls of identify
 K - a scroll of acquirement {unknown}
 L - 3 scrolls of amnesia
Potions
 a - 3 potions of magic
 r - 3 potions of resistance
 s - 2 potions of invisibility
 B - 11 potions of curing
 E - a potion of agility
 H - 2 potions of cancellation
 P - 4 potions of lignification
 Q - 2 potions of ambrosia
 U - 3 potions of might
 X - a potion of beneficial mutation
Miscellaneous
 z - 2 sacks of spiders
Comestibles
 f - 13 bread rations
 i - 27 meat rations
 o - a chunk of flesh
 G - 8 fruits


   Skills:
 + Level 17.2 Fighting
 - Level 15.0 Long Blades
   Level 4.0 Axes
 - Level 4.0 Throwing
 - Level 12.0 Armour
 - Level 16.1 Shields
 + Level 11.1 Spellcasting
 - Level 5.3 Hexes
 - Level 4.3 Charms
 - Level 4.1 Necromancy
 + Level 7.9 Transmutations
 + Level 6.5 Earth Magic
 - Level 8.0 Invocations
 - Level 4.1 Evocations


You had 13 spell levels left.
You knew the following spells:

 Your Spells              Type           Power        Failure   Level  Hunger
a - Corona                Hex            ###....      2%          1    None
b - Repel Missiles        Chrm/Air       #.....       17%         2    None
c - Tukima's Dance        Hex            ###.....     10%         3    ##.....
d - Slow                  Hex            ###.....     3%          2    None
e - Deflect Missiles      Chrm/Air       #.........   100%        6    #######
f - Ice Form              Ice/Tmut       ##......     43%         4    ####...
g - Regeneration          Chrm/Necr      ##........   12%         3    ##.....
h - Statue Form           Tmut/Erth      ###......    98%         6    #######


Dungeon Overview and Level Annotations

Branches:
Dungeon (15/15)            Temple (1/1) D:5            Lair (6/6) D:9
 Shoals (2/4) Lair:2        Snake (4/4) Lair:2        Slime (0/5) Lair:6
    Orc (2/2) D:11            Elf (0/3) Orc:2        Vaults (0/5) D:14
 Depths (0/5) D:15

Altars:
Ashenzari
Cheibriados
Dithmenos
Elyvilon
Fedhas
Gozag
Hepliaklqana
Kikubaaqudgha
Makhleb
Nemelex Xobeh
Okawaru
Qazlal
Ru
Sif Muna
Trog
Uskayaw
Vehumet
Xom
Yredelemnul
Zin
The Shining One
Beogh
Jiyva

Shops:
D:13 =   D:15 (%[   Orc:1 %   Orc:2 %}}!}*!

Annotations:
Shoals:2 Polyphemus


Innate Abilities, Weirdness & Mutations

You are under a permanent stasis effect.
You can dig through walls and to a lower floor.
Your four strong arms can wield two-handed weapons with a shield.
You have a pair of large antennae on your head. (SInv)
You have large cloven feet.
You are surrounded by a mild repulsion field. (EV +2)
You are partially covered in iridescent scales. (AC +2)
You are partially covered in rugged brown scales. (AC +1, +3% HP)
Your body often deteriorates upon taking damage.
You passively map a small area around you.
You are robust. (+10% HP)


Message History

You block the catoblepas's attack. Polyphemus hits you!!
* * * LOW HITPOINT WARNING * * *
Your body deteriorates!
You feel clumsy. You block Polyphemus's attack.
The death yak barely misses you.
Evoke which item? (* to show all) (? for menu, Esc to quit)
Zapping:
F - a wand of heal wounds (3/9)
Press: ? - help, Shift-Dir - straight line, f - you You feel much better.
This wand has 2 charges left.
The catoblepas breathes a plume of calcifying dust at you.
The blast of calcifying dust hits you! Polyphemus hits you!
* * * LOW HITPOINT WARNING * * *
You block Polyphemus's attack.
The death yak gores you but does no damage.
Okay, then.
You feel much better.
You are engulfed in calcifying dust.
You block the catoblepas's attack. Polyphemus hits you!!!
* * * LOW HITPOINT WARNING * * *
Your body deteriorates!
You feel dopey. Polyphemus hits you!
You die...

≈≈≈≈≈≈≈≈≈≈≈≈≈..≈≈≈≈≈≈
≈≈≈≈≈≈≈≈≈≈≈≈≈≈.≈≈...≈≈≈≈
≈
≈≈≈≈≈≈≈≈≈≈≈≈≈≈...>...≈≈≈≈
.≈≈≈≈≈≈≈≈≈≈≈......≈(≈≈.≈
..≈≈≈≈≈≈≈≈≈........≈≈.).
,*
..≈≈≈≈≈≈≈≈≈.........≈##.
.≈≈≈≈≈≈..........#..≈.#.
,
≈≈≈≈≈≈Y†...../...##.≈≈..
≈≈≈≈≈..@Y...##.......≈≈≈
,, ,
≈≈≈≈≈.C#######.≈≈≈....≈≈
, P..≈≈.. #......#..≈ ≈
..≈≈≈.. #.....###.≈ ≈≈ ≈
≈≈≈≈≈≈. ##.......≈≈
≈≈≈≈≈≈≈. ##.#....≈≈≈ ≈
....≈≈≈≈. ###...##..≈≈≈
..........##....###...≈≈
≈ .≈.......####..≈≈


You could see Polyphemus, a death yak and a catoblepas.

Vanquished Creatures
  Frances (Shoals:1)
  Gastronok (Lair:2)
  6 nagarajas (Snake:4)
  Roxanne (Snake:2)
  2 frost giants (D:15)
  4 orc warlords
  2 blizzard demons (IceCv)
  An ettin (D:15)
  2 merfolk impalers (Shoals:1)
  A minotaur (Lab)
  Harold (D:12)
  2 great orbs of eyes (D:15)
  12 naga warriors
  8 vault guards
  3 centaur warriors
  A catoblepas (D:15)
  4 hydras
  2 ogre magi (D:15)
  4 tengu warriors
  7 death yaks
  11 anacondas
  A satyr (Shoals:2)
  A deep troll shaman (D:15)
  8 naga sharpshooters
  Urug (D:14)
  A deep troll earth mage (D:15)
  3 orc high priests (Orc:2)
  6 shock serpents
  A hell knight (D:15)
  Nergalle (D:11)
  4 salamander mystics
  7 skeletal warriors
  5 sea snakes
  9 naga ritualists
  3 unseen horrors
  A deep elf archer (D:15)
  8 orc knights
  6 hill giants
  12 harpies
  The ghost of attackplan the Cleaver, a novice HOFi of Okawaru (D:6)
  13 mana vipers
  4 deep elf magi
  6 cyclopes
  7 orc sorcerers
  5 manticores
  15 salamanders
  4 ugly things
  4 fauns (Shoals:2)
  5 ice statues (IceCv)
  3 sirens
  2 guardian serpents
  36 black mambas
  3 water nymphs
  8 spiny frogs
  16 naga magi
  The ghost of Cokeysmoke the Carver, a novice MiFi of Okawaru (D:4)
  2 gargoyles (D:14)
  2 rime drakes (Lair:4)
  6 komodo dragons
  2 anaconda simulacra (IceCv)
  2 yaktaurs
  5 kobold demonologists
  9 ice devils (IceCv)
  2 tengu conjurers
  11 trolls
  8 merfolk (Shoals:1)
  5 hornets
  2 wind drakes (Shoals:1)
  3 polar bears
  A harpy skeleton (D:15)
  3 dream sheep (Shoals:1)
  A two-headed ogre (D:15)
  8 slime creatures
  2 snapping turtles (Shoals:1)
  12 blink frogs
  11 spriggans
  2 centaur simulacra
  13 hippogriffs
  2 shadows (D:15)
  2 vampires
  A water elemental (Shoals:1)
  A dire elephant simulacrum (IceCv)
  50 yaks
  2 wraiths
  4 fire bats (D:10)
  6 wyverns
  6 basilisks
  6 vampire mosquitoes
  2 steam dragons (D:8)
  4 hungry ghosts
  A basilisk (shapeshifter) (D:14)
  4 harpy simulacra (IceCv)
  5 wargs
  58 nagas
  2 mottled dragons
  An iron troll simulacrum (IceCv)
  Edmund (D:6)
  14 water moccasins
  15 porcupines
  A hell hound (D:10)
  2 hydra simulacra (IceCv)
  43 orc warriors
  2 floating eyes (D:15)
  6 black bears
  5 ice beasts
  6 sky beasts
  An eye of draining (D:9)
  2 phantoms
  23 wolves
  The ghost of Stormleaks the Twirler, an amateur CeGl (D:3)
  8 centaurs
  5 boggarts
  16 ogres
  8 crocodiles
  5 big kobolds
  Blork the orc (D:6)
  15 bullfrogs
  A gnoll sergeant (D:11)
  A scorpion (D:12)
  A water moccasin skeleton (D:5)
  9 killer bees
  5 wights (D:11)
  3 electric eels
  9 crimson imps
  A bullfrog zombie (D:11)
  3 centaur zombies
  2 lava snakes (D:10)
  A quasit (D:9)
  7 hounds
  A gnoll shaman (D:7)
  2 jellies
  18 orc priests
  8 centaur skeletons
  16 orc wizards
  8 bullfrog skeletons
  4 iguanas
  11 worker ants
  A hound zombie (D:11)
  A worker ant zombie (D:11)
  Robin (D:2)
  11 adders
  13 gnolls
  A river rat (D:9)
  2 shadow imps (D:6)
  6 worms
  2 dart slugs
  4 leopard geckos
  75 orcs
  3 ball pythons
  3 giant cockroaches
  15 goblins
  11 hobgoblins
  4 jackals (D:3)
  3 quokkas
  10 bats
  5 frilled lizards
  18 kobolds
  A leopard gecko skeleton (D:5)
  A leopard gecko zombie (D:6)
  A quokka zombie (D:7)
  5 rats
  2 fire vortices (D:10)
  5 fungi (D:9)
1051 creatures vanquished.

Vanquished Creatures (collateral kills)
  An orc (Orc:2)
  A plant (Lair:1)
2 creatures vanquished.

Vanquished Creatures (others)
  Nessos (D:14)
  A cyclops (D:12)
  A salamander (Snake:2)
  A hound (D:14)
  An orc wizard (Orc:2)
  An orc priest (Orc:2)
  An adder skeleton (D:9)
  An orc (Orc:2)
  A fire vortex (D:10)
  6 fungi
  11 plants
26 creatures vanquished.

Grand Total: 1079 creatures vanquished

Notes
Turn   | Place    | Note
-------+----------+-------------------------------------------
     0 | D:1      | Inkary the Formicid Fighter began the quest for the Orb.
     0 | D:1      | Reached XP level 1. HP: 18/18 MP: 1/1
   319 | D:1      | Reached XP level 2. HP: 24/24 MP: 2/2
   805 | D:1      | Reached XP level 3. HP: 30/30 MP: 3/3
   848 | D:2      | Reached skill level 4 in Fighting
   884 | D:2      | Reached XP level 4. HP: 27/37 MP: 4/4
  1265 | D:2      | Noticed Robin
  1280 | D:2      | Killed Robin
  1281 | D:2      | Reached XP level 5. HP: 22/43 MP: 5/5
  1318 | D:2      | Got a jewelled helmet
  1669 | D:3      | Noticed a black bear
  1689 | D:3      | Killed a black bear
  1689 | D:3      | Reached skill level 5 in Shields
  1689 | D:3      | Reached XP level 6. HP: 47/50 MP: 6/6
  2019 | D:3      | Noticed Stormleaks's ghost (amateur CeGl)
  2045 | D:3      | Gained mutation: Your magical capacity is low. (-10% MP) [potion of mutation]
  2045 | D:3      | Gained mutation: Your body sometimes deteriorates upon taking damage. [potion of mutation]
  2068 | D:3      | Killed Stormleaks's ghost
  2068 | D:3      | Reached skill level 5 in Fighting
  2724 | D:4      | Noticed Cokeysmoke's ghost (novice MiFi)
  3143 | D:4      | Got a slimy falchion
  3193 | D:3      | Identified the +9 falchion of Uskayaw's Envy {slice, Str+5 Int+2} (You found it on level 4 of the Dungeon)
  4238 | D:5      | Entered Level 5 of the Dungeon
  4253 | D:5      | Found an opulent altar of Gozag.
  4326 | D:5      | Reached XP level 7. HP: 48/56 MP: 6/6
  4420 | D:5      | Found a staircase to the Ecumenical Temple.
  4425 | Temple   | Entered the Ecumenical Temple
  4604 | Temple   | Became a worshipper of Warmaster Okawaru
  5028 | D:5      | Reached skill level 1 in Invocations
  5190 | D:4      | Killed Cokeysmoke's ghost
  5190 | D:4      | Reached * piety under Okawaru
  5190 | D:4      | Reached skill level 5 in Long Blades
  5190 | D:4      | Reached XP level 8. HP: 29/62 MP: 7/9
  5373 | D:6      | Noticed Blork the orc
  5382 | D:6      | Killed Blork the orc
  5388 | D:6      | Lost mutation: Your body sometimes deteriorates upon taking damage. [potion of cure mutation]
  5388 | D:6      | Lost mutation: Your magical capacity is low. (-10% MP) [potion of cure mutation]
  5389 | D:6      | Gained mutation: You are frail. (-10% HP) [potion of mutation]
  5389 | D:6      | Gained mutation: You are very frail. (-20% HP) [potion of mutation]
  5389 | D:6      | Gained mutation: You are clumsy. (Dex -2) [potion of mutation]
  5390 | D:6      | Lost mutation: You are very frail. (-20% HP) [potion of cure mutation]
  5390 | D:6      | Lost mutation: You are clumsy. (Dex -2) [potion of cure mutation]
  5390 | D:6      | Lost mutation: You are frail. (-10% HP) [potion of cure mutation]
  5391 | D:6      | Gained mutation: You are clumsy. (Dex -2) [potion of mutation]
  5391 | D:6      | Gained mutation: Your body sometimes deteriorates upon taking damage. [potion of mutation]
  5391 | D:6      | Gained mutation: You are surrounded by a mild repulsion field. (EV +2) [potion of mutation]
  5392 | D:6      | Gained mutation: Your body often deteriorates upon taking damage. [potion of mutation]
  5392 | D:6      | Gained mutation: You passively map a small area around you. [potion of mutation]
  5392 | D:6      | Gained mutation: You have large cloven feet. [potion of mutation]
  5423 | D:6      | Noticed Edmund
  5430 | D:6      | Killed Edmund
  5430 | D:6      | Reached skill level 5 in Invocations
  5876 | D:6      | Noticed attackplan's ghost (novice HOFi)
  5884 | D:6      | Killed attackplan's ghost
  5884 | D:6      | Reached ** piety under Okawaru
  5884 | D:6      | Reached XP level 9. HP: 66/68 MP: 10/14
  6977 | D:8      | Reached *** piety under Okawaru
  6977 | D:8      | Reached skill level 6 in Fighting
  7051 | D:8      | Reached XP level 10. HP: 72/76 MP: 16/16
  7367 | D:8      | Reached skill level 5 in Armour
  7424 | D:9      | Reached skill level 7 in Fighting
  7448 | D:9      | Found a staircase to the Lair.
  7625 | D:9      | Found a sacrificial altar of Ru.
  7783 | D:9      | Found a hide-covered altar of Uskayaw.
  7787 | D:9      | Found a snail-covered altar of Cheibriados.
  7792 | D:9      | Found a glowing silver altar of Zin.
  7858 | D:9      | Reached **** piety under Okawaru
  8064 | D:10     | Entered Level 10 of the Dungeon
  8076 | D:10     | Received a gift from Okawaru
  8142 | D:10     | Noticed a hill giant
  8150 | D:10     | Killed a hill giant
  8238 | D:10     | Reached ***** piety under Okawaru
  8238 | D:10     | Reached XP level 11. HP: 55/86 MP: 17/17
  8651 | D:10     | Reached skill level 8 in Fighting
  9251 | D:11     | Noticed Nergalle
  9289 | D:11     | Killed Nergalle
  9297 | D:11     | Reached skill level 10 in Long Blades
  9306 | D:11     | Noticed a cyclops
  9317 | D:11     | Killed a cyclops
  9340 | D:11     | Found a staircase to the Orcish Mines.
  9601 | D:11     | Noticed a hill giant
  9611 | D:11     | Killed a hill giant
  9611 | D:11     | Reached skill level 9 in Fighting
  9628 | D:11     | Received a gift from Okawaru
  9634 | D:11     | Got a brightly glowing scale mail {god gift}
  9645 | D:11     | Identified the +3 scale mail of Dajigi {rC+ Dex+2} (Okawaru gifted it to you on level 11 of the Dungeon)
  9923 | D:11     | Noticed a hill giant
  9929 | D:11     | Killed a hill giant
  9929 | D:11     | Reached XP level 12. HP: 95/95 MP: 15/18
 10871 | D:11     | Reached skill level 10 in Shields
 11033 | D:12     | Reached skill level 10 in Fighting
 11188 | D:12     | Noticed Harold
 11219 | D:12     | Killed Harold
 11347 | D:12     | Reached skill level 1 in Throwing
 11361 | D:12     | Got a shimmering scale mail
 11372 | D:12     | Identified the cursed +0 scale mail of the Solstice {MP+9} (You found it on level 12 of the Dungeon)
 11508 | D:12     | Noticed a five-headed hydra
 11614 | Orc:1    | Entered Level 1 of the Orcish Mines
 11826 | Lair:1   | Entered Level 1 of the Lair of Beasts
 11867 | Lair:1   | Found a labyrinth entrance.
 11873 | Lab      | Entered a labyrinth
 12900 | Lab      | Noticed a minotaur
 12914 | Lab      | Killed a minotaur
 12917 | Lab      | Got a scorched leather armour
 12936 | Lab      | Identified Sif Muna's Catalogue of Entrancing Contamination
 12978 | Lab      | Identified the +1 leather armour "Sunot Lump" {rPois} (You took it off a minotaur in a labyrinth)
 12989 | Lab      | Identified a +6 rod of inaccuracy (9/9) (You found it in a labyrinth)
 13047 | Lair:1   | Received a gift from Okawaru
 13078 | Lair:1   | Reached XP level 13. HP: 72/104 MP: 12/19
 13083 | Lair:1   | Reached skill level 1 in Evocations
 13092 | Lair:1   | Reached skill level 10 in Armour
 13227 | Lair:1   | Received a gift from Okawaru
 13299 | Lair:1   | Reached skill level 11 in Fighting
 14000 | Lair:1   | Got a scintillating pewter ring
 14005 | Lair:1   | Identified the ring "Cuniol" {Str+2 Int+4 SInv} (You found it on level 1 of the Lair of Beasts)
 14131 | Lair:1   | Learned a level 1 spell: Corona
 14134 | Lair:1   | Learned a level 2 spell: Repel Missiles
 14138 | Lair:1   | Learned a level 3 spell: Tukima's Dance
 14141 | Lair:1   | Learned a level 2 spell: Slow
 14202 | Lair:2   | Found a staircase to the Shoals.
 14254 | Lair:2   | Reached skill level 1 in Spellcasting
 14626 | Lair:2   | Learned a level 6 spell: Deflect Missiles
 14788 | Lair:2   | Found a staircase to the Snake Pit.
 14811 | Lair:2   | Noticed Gastronok
 14834 | Lair:2   | Killed Gastronok
 14834 | Lair:2   | Received a gift from Okawaru
 15387 | Lair:3   | Reached skill level 1 in Hexes
 15708 | Lair:3   | Lost mutation: You are clumsy. (Dex -2) [potion of mutation]
 16236 | Lair:4   | Reached XP level 14. HP: 108/113 MP: 17/20
 16565 | Lair:4   | Received a gift from Okawaru
 17808 | Lair:6   | Entered Level 6 of the Lair of Beasts
 17844 | Lair:5   | Reached skill level 5 in Spellcasting
 18280 | Lair:6   | Reached skill level 5 in Hexes
 19103 | Orc:1    | Found Buriem's Food Shoppe.
 19111 | Orc:1    | Bought a meat ration for 65 gold pieces
 19390 | Orc:1    | Noticed an orc warlord
 19428 | Orc:1    | Killed an orc warlord
 19469 | Orc:1    | Found a roughly hewn altar of Beogh.
 19575 | Orc:2    | Entered Level 2 of the Orcish Mines
 19575 | Orc:2    | Found Hoevitam's Assorted Antiques.
 19586 | Orc:2    | Found Noxoutz's Distillery.
 19596 | Orc:2    | Found a staircase to the Elven Halls.
 19597 | Orc:2    | Found a flickering gateway to a bazaar.
 19606 | Bazaar   | Entered a bazaar
 19606 | Bazaar   | Found Sairgh's Antique Weapon Boutique.
 19616 | Bazaar   | Found Koplonem's General Store.
 19627 | Bazaar   | Found Kotikeash's Jewellery Shop.
 19635 | Bazaar   | Found Siutaw's Distillery.
 19646 | Bazaar   | Found Ecroissa's Antique Armour Emporium.
 19687 | Bazaar   | Bought the amulet of the Four Winds {rN+ MR+++ Clar} for 269 gold pieces
 19706 | Bazaar   | Bought a potion of agility for 32 gold pieces
 19706 | Bazaar   | Bought a potion of agility for 32 gold pieces
 19706 | Bazaar   | Bought 2 potions of heal wounds for 80 gold pieces
 19706 | Bazaar   | Bought a potion of curing for 24 gold pieces
 19706 | Bazaar   | Bought a potion of curing for 24 gold pieces
 19740 | Bazaar   | Bought a scroll of identify for 22 gold pieces
 19827 | Orc:2    | Noticed an orc warlord
 19874 | Orc:2    | Killed an orc warlord
 19874 | Orc:2    | Received a gift from Okawaru
 19920 | Orc:2    | Bought a potion of curing for 36 gold pieces
 19920 | Orc:2    | Bought a potion of agility for 48 gold pieces
 19920 | Orc:2    | Bought a potion of curing for 36 gold pieces
 19920 | Orc:2    | Bought a potion of resistance for 120 gold pieces
 19941 | Orc:2    | Found Xiuva's Gadget Emporium.
 19960 | Orc:2    | Received a gift from Okawaru
 20027 | Orc:2    | Bought a wand of heal wounds (2/9) for 360 gold pieces
 20147 | Orc:2    | Reached XP level 15. HP: 35/119 MP: 15/22
 20346 | Orc:2    | Noticed an orc warlord
 20644 | Orc:1    | Killed an orc warlord
 21075 | Orc:2    | Found Hairuzur's Jewellery Emporium.
 21176 | Orc:2    | Noticed an orc warlord
 21332 | Orc:2    | HP: 5/119 [orc warrior/halberd[an orc warlord] (21)]
 21371 | Orc:2    | Killed an orc warlord
 21373 | Orc:2    | Got a slimy brass amulet
 21601 | Orc:1    | Reached skill level 15 in Long Blades
 21744 | Orc:2    | Identified the Reference Book on Burning Changing
 21753 | Orc:2    | Identified the Volume of Beguiling and Combat Magic
 21947 | Orc:2    | Reached skill level 1 in Charms
 22462 | Orc:2    | Found Kugolari's Gadget Emporium.
 22462 | Orc:2    | Found Itaguiph's Distillery.
 22464 | Orc:2    | Found Guhy's Gadget Shop.
 22464 | Orc:2    | Found Foexzyup's Food Emporium.
 22481 | Orc:2    | Bought a bread ration for 55 gold pieces
 22486 | Orc:2    | Bought a potion of heal wounds for 65 gold pieces
 22486 | Orc:2    | Bought a potion of curing for 39 gold pieces
 22486 | Orc:2    | Bought a potion of curing for 39 gold pieces
 22486 | Orc:2    | Bought a potion of curing for 39 gold pieces
 22486 | Orc:2    | Bought a potion of agility for 52 gold pieces
 22486 | Orc:2    | Bought a potion of resistance for 130 gold pieces
 23391 | Lair:6   | Reached skill level 12 in Fighting
 23829 | Lair:6   | Found a viscous altar of Jiyva.
 23830 | Lair:6   | Found a staircase to the Slime Pits.
 24169 | Lair:5   | Received a gift from Okawaru
 24187 | Lair:5   | Identified the amulet of the Hare {Gourm +Inv rC+ MR+ Stlth+} (You took it off an orc warlord on level 2 of the Orcish Mines)
 24478 | Shoals:1 | Entered Level 1 of the Shoals
 25119 | D:12     | Received a gift from Okawaru
 25815 | D:13     | Found Uceag's Jewellery Shop.
 25832 | D:13     | Bought the ring "Vez Jone" {*Drain Str+4 Int+3 Slay+2 SInv} for 671 gold pieces
 26096 | D:13     | Got a twisted rapier
 26097 | D:13     | Identified the +5 rapier "Hyibof" {freeze, *Drain Int+6 Dex+3 SInv} (You found it on level 13 of the Dungeon)
 26365 | D:14     | Received a gift from Okawaru
 26481 | D:14     | Found a gate to the Vaults.
 26535 | D:14     | Reached XP level 16. HP: 117/129 MP: 23/23
 26852 | D:14     | Noticed Nessos
 26859 | D:14     | Killed Nessos
 27311 | D:14     | Found a white marble altar of Elyvilon.
 27325 | D:14     | Noticed Urug
 27329 | D:14     | Reached skill level 13 in Fighting
 27350 | D:14     | Killed Urug
 27673 | D:15     | Entered Level 15 of the Dungeon
 27702 | D:15     | Learned a level 4 spell: Ice Form
 27728 | D:15     | Found a staircase to the Depths.
 27737 | D:15     | Noticed a frost giant
 27746 | D:15     | Killed a frost giant
 28056 | D:15     | Got a sparkling steel ring
 28285 | D:15     | Found Sisatoa's Food Shoppe.
 28287 | D:15     | Received a gift from Okawaru
 28571 | D:15     | Learned a level 3 spell: Regeneration
 28648 | D:15     | Got a wavering turquoise ring
 28652 | D:15     | Identified the ring "Babb" {*Corrode rF+ rN+ Str+7} (You took it off a naga on level 15 of the Dungeon)
 28653 | D:15     | Identified the ring of Autumn {+Inv rF+ rN+ Int+3 SInv Stlth+} (You found it on level 15 of the Dungeon)
 28683 | D:15     | Reached skill level 1 in Necromancy
 28704 | D:15     | Reached skill level 14 in Fighting
 28715 | D:15     | Found Xamiagh's Weapon Shop.
 28942 | D:14     | Reached skill level 15 in Shields
 29242 | D:15     | Got a wavering copper ring
 29249 | D:15     | Found Qiysaov's Antique Armour Boutique.
 29439 | D:15     | Reached XP level 17. HP: 111/139 MP: 24/24
 29452 | D:15     | Identified the ring of Freedom {rCorr Int+2 Stlth+} (You found it on level 15 of the Dungeon)
 29538 | D:15     | Received a gift from Okawaru
 29544 | D:15     | Got a jewelled triple sword {god gift}
 29547 | D:15     | Identified the +12 triple sword of Lenuc {drain, MP+9} (Okawaru gifted it to you on level 15 of the Dungeon)
 30204 | Snake:1  | Entered Level 1 of the Snake Pit
 30433 | Snake:1  | Reached skill level 1 in Transmutations
 31275 | Snake:2  | Found a frozen archway.
 31304 | IceCv    | Entered an ice cave
 31556 | IceCv    | Reached skill level 15 in Fighting
 31619 | IceCv    | Got an ancient cloak
 31630 | IceCv    | Identified the +0 cloak of Qupiyr {rN+ Int-3 SInv} (You found it in an ice cave)
 31788 | Snake:2  | Learned a level 6 spell: Statue Form
 32061 | Snake:2  | Noticed Roxanne
 32079 | Snake:2  | Killed Roxanne
 32079 | Snake:2  | Received a gift from Okawaru
 32337 | Snake:2  | You fall through a shaft!
 32585 | Snake:3  | Reached XP level 18. HP: 143/149 MP: 13/29
 32732 | Snake:3  | Received a gift from Okawaru
 32827 | Snake:3  | Gained mutation: You are robust. (+10% HP) [potion of mutation]
 32827 | Snake:3  | Gained mutation: You are partially covered in iridescent scales. (AC +2) [potion of mutation]
 32902 | Snake:3  | Reached skill level 16 in Fighting
 32988 | Snake:3  | Received a gift from Okawaru
 33159 | Snake:3  | Gained mutation: You are partially covered in rugged brown scales. (AC +1, +3% HP) [mutagenic meat]
 33787 | Snake:4  | Entered Level 4 of the Snake Pit
 33987 | Snake:4  | Received a gift from Okawaru
 34128 | Snake:4  | Reached skill level 1 in Earth Magic
 34285 | Snake:4  | Got a bloodstained falchion
 34404 | Snake:4  | Identified the +9 falchion of Trial by Ordeal {speed, Dex+3} (You found it on level 4 of the Snake Pit)
 34487 | Snake:4  | Received a gift from Okawaru
 34487 | Snake:4  | Reached skill level 5 in Transmutations
 34667 | Snake:4  | Received a gift from Okawaru
 34847 | Snake:4  | Received a gift from Okawaru
 34847 | Snake:4  | Reached skill level 10 in Spellcasting
 35078 | Snake:4  | Received a gift from Okawaru
 35122 | Snake:4  | Got a serpentine rune of Zot
 35182 | Snake:4  | Reached skill level 5 in Earth Magic
 35199 | Snake:4  | Reached XP level 19. HP: 128/179 MP: 26/33
 35506 | Shoals:1 | Noticed Frances
 35518 | Shoals:1 | Killed Frances
 35671 | Shoals:1 | Reached skill level 17 in Fighting
 36347 | Shoals:2 | Noticed Polyphemus
 36380 | Shoals:2 | HP: 2/181 [Polyphemus (9)]
 36383 | Shoals:2 | Mangled by Polyphemus

Skill      XL: |  1  2  3  4  5  6  7  8  9 10 11 12 13 14 15 16 17 18 19 |
---------------+----------------------------------------------------------+-----
Shields        | 4 5 7 9 10 11 13 15 16 | 16.1
Fighting       | 4 5 6 7 9 10 11 12 14 15 16 17 | 17.2
Axes           | 3 4 |  4.0
Long Blades    | 2 5 7 8 9 10 11 12 14 15 | 15.0
Invocations    | 4 7 8 |  8.0
Armour         | 4 6 8 9 10 11 12 | 12.0
Throwing       | 3 4 |  4.0
Evocations     | 4 |  4.1
Spellcasting   | 3 5 7 10 11 | 11.1
Hexes          | 3 5 |  5.3
Charms         | 4 |  4.3
Necromancy     | 3 4 |  4.1
Transmutations | 4 6 7 |  7.9
Earth Magic    | 5 6 |  6.5

Action                   |  1- 3 |  4- 6 |  7- 9 | 10-12 | 13-15 | 16-18 | 19-21 || total
-------------------------+-------+-------+-------+-------+-------+-------+-------++-------
Melee: War axe           |    92 |   171 |       |       |       |       |       ||   263
       Falchion          |       |    19 |   174 |   573 |  1469 |   808 |       ||  3043
       Kick              |       |       |    46 |   228 |   612 |   681 |    84 ||  1651
       Flail             |       |       |       |       |    69 |       |       ||    69
       Rapier            |       |       |       |       |     6 |       |       ||     6
       Triple sword      |       |       |       |       |       |   193 |   167 ||   360
       Demon blade       |       |       |       |       |       |   461 |    20 ||   481
Throw: Tomahawk          |       |       |       |     1 |       |       |       ||     1
       Throwing net      |       |       |       |       |       |     2 |       ||     2
 Cast: Corona            |       |       |       |       |     6 |       |       ||     6
       Regeneration      |       |       |       |       |       |    69 |    22 ||    91
       Repel Missiles    |       |       |       |       |       |     1 |     1 ||     2
Invok: Heroism           |       |       |     2 |    20 |    47 |    53 |    11 ||   133
       Finesse           |       |       |       |     4 |     6 |    20 |     1 ||    31
 Abil: Dig               |       |       |       |     5 |     3 |     2 |       ||    10
Evoke: Wand              |       |       |     2 |    18 |    15 |    21 |     1 ||    57
  Use: Potion            |     1 |     5 |     7 |       |    19 |     6 |     3 ||    41
       Scroll            |       |       |     9 |    13 |    15 |    10 |       ||    47
 Stab: Confused          |       |       |       |     1 |       |       |       ||     1
       Invisible         |       |       |       |       |     7 |       |       ||     7
       Distracted        |       |       |       |       |       |       |     1 ||     1
  Eat: Chunk             |       |    11 |     9 |    14 |    38 |    17 |     6 ||    95
       Fruit             |       |       |       |     5 |     3 |    16 |       ||    24
       Beef jerky        |       |       |       |     1 |       |     2 |       ||     3
       Pizza             |       |       |       |     1 |       |       |       ||     1
       Bread ration      |       |       |       |       |     1 |       |       ||     1
       Royal jelly       |       |       |       |       |       |     2 |       ||     2
Armor: Scale mail        |    49 |    80 |    33 |    99 |   235 |   179 |   111 ||   786
       Skin              |       |       |       |       |    13 |       |       ||    13
Dodge: Dodged            |    25 |    60 |    73 |   233 |   313 |   237 |    95 ||  1036
       Deflected         |       |       |       |       |       |     1 |     7 ||     8
Block: Shield            |    56 |   112 |    75 |   309 |   328 |       |       ||   880
       Reflection        |       |       |       |     7 |     3 |    19 |       ||    29
       Large shield      |       |       |       |       |   872 |  1180 |   337 ||  2389
       Rpst.: Falchion   |       |     2 |    19 |    66 |    72 |    22 |       ||   181
       Triple sword      |       |       |       |       |       |     9 |    21 ||    30
       Demon blade       |       |       |       |       |       |    10 |     3 ||    13
